 Dungeon Crawl Stone Soup version 0.30-a0-1114-gd936c97349 (webtiles) character file.

Game seed: 15164479628162545153

17152 Lobster4 the Cardsharp (level 12, -11/138 HPs)
             Began as a Human Artificer on Apr 20, 2023.
             Was a High Priest of Nemelex Xobeh.
             Mangled by a minotaur
             ... wielding the +1 flail of Qidaic {pain, rPois rC+ rN+ Will+}
              (26 damage)
             ... in a Gauntlet.
             The game lasted 00:55:34 (16051 turns).

Lobster4 the Cardsharp (Human Artificer)           Turns: 16051, Time: 00:55:34

Health: -11/138    AC: 30    Str: 11    XL:     12   Next: 79%
Magic:  18/18      EV:  2    Int: 11    God:    Nemelex Xobeh [*****.]
Gold:   629        SH:  5    Dex: 17    Spells: 12/17 levels left

rFire   . . .      SeeInvis .    a - +6 trident
rCold   + . .      Faith    .    R - +0 buckler
rNeg    . . .      Spirit   .    F - melded +4 chain mail "Xierosma" {rC+ Str+5 Stlth-}
rPois   +          Reflect  .    i - melded +1 helmet
rElec   +          Rampage  .    t - melded +0 cloak
rCorr   +          NoTele   +    h - melded +2 pair of gloves
Will    .....                    B - melded +0 pair of boots
Stlth   ++                       s - amulet of regeneration
HPRegen 1.23/turn                v - +4 ring of protection
MPRegen 0.16/turn                U - ring of Vehon {rElec rPois rC+ rCorr Str-4}

@: tree-form, elixired, studying Staves
A: stationary, stasis, torment immunity, boosted hp
a: Renounce Religion, Draw Escape, Draw Destruction, Draw Summoning, Triple
Draw, Deal Four, Stack Five


You were in a Gauntlet.
You worshipped Nemelex Xobeh.
Nemelex Xobeh was extremely pleased with you.
You were a tree.
You visited 1 branch of the dungeon, and saw 13 of its levels.
You also visited: Gauntlet.

You collected 914 gold pieces.
You spent 285 gold pieces at shops.

Inventory:

Hand Weapons
 a - a +6 trident (weapon)
 b - a +0 sling
 e - a +3 hand axe
 g - a +0 broad axe
 j - a +3 scimitar of flaming
 u - a +2 hand axe of freezing
 w - a +4 mace of protection
 G - the +4 morningstar "Kiqo" {heavy, rN+ Str+2 Int+8 Dex-3}
   (You found it on level 13 of the Dungeon)

   Str:       It affects your strength (+2).
   Int:       It affects your intelligence (+8).
   Dex:       It affects your dexterity (-3).
   rN:        It protects you from negative energy.
 I - a +1 dagger of venom
 O - a +0 spear of venom
Missiles
 m - a curare-tipped dart
 y - 48 poisoned darts (quivered)
 D - 11 atropa-tipped darts
 M - 3 javelins
 N - 7 boomerangs
Armour
 h - a +2 pair of gloves (melded)
 i - a +1 helmet (melded)
 q - +0 acid dragon scales
 t - a +0 cloak (melded)
 B - a +0 pair of boots (melded)
 C - a +2 leather armour of fire resistance
 F - the +4 chain mail "Xierosma" (melded) {rC+ Str+5 Stlth-}
   (You bought it in a shop on level 9 of the Dungeon)

   Str:       It affects your strength (+5).
   rC:        It protects you from cold.
   Stlth:     It makes you less stealthy.
 H - +0 steam dragon scales
 K - a +4 ring mail
 Q - a +0 pair of gloves of stealth
 R - a +0 buckler (worn)
Jewellery
 s - an amulet of regeneration (around neck)
 v - a +4 ring of protection (left branch)
 x - a +5 ring of evasion
 S - a ring of flight
 T - the ring of Amydourph {Will+ Dex+3}
   (You found it in a Gauntlet)

   [ring of willpower]

   Dex:       It affects your dexterity (+3).
   Will:      It increases your willpower.
 U - the ring of Vehon (right branch) {rElec rPois rC+ rCorr Str-4}
   (You found it in a Gauntlet)

   [ring of protection from cold]

   Str:       It affects your strength (-4).
   rC:        It protects you from cold.
   rElec:     It insulates you from electricity.
   rPois:     It protects you from poison.
   rCorr:     It protects you from acid and corrosion.
Wands
 d - a wand of charming (9)
 L - a wand of flame (12)
Scrolls
 c - 3 scrolls of identify
 f - a scroll of blinking
 o - a scroll of fear
 r - 6 scrolls of teleportation
 J - 2 scrolls of amnesia
Potions
 k - a potion of lignification
 l - 4 potions of mutation
 p - a potion of brilliance
 z - 3 potions of magic
 P - 2 potions of flight


   Skills:
 + Level 7.9 Fighting
 - Level 2.0(3.6) Short Blades
 - Level 4.7(5.0) Long Blades
 - Level 2.8(4.1) Axes
 - Level 4.5(5.0) Polearms
 - Level 3.0 Ranged Weapons
 - Level 3.0 Throwing
 + Level 8.1 Armour
 + Level 7.9 Dodging
 - Level 3.0 Stealth
 + Level 3.0 Shields
 - Level 3.0 Spellcasting
 - Level 6.0 Translocations
 + Level 8.2 Invocations
 - Level 5.0 Evocations


You had 12 spell levels left.
You knew the following spells:

 Your Spells              Type           Power      Damage    Failure   Level
a - Lesser Beckoning      Tloc           28%        N/A       4%          2
b - Teleport Other        Tloc           14%        N/A       9%          3

Your spell library contained the following spells:

 Spells                   Type           Power      Damage    Failure   Level
 Gell's Gravitas          Tloc           14%        N/A       9%          3
 Shock                    Conj/Air       4%         1d3       34%         1
 Ozocubu's Armour         Ice            1%         N/A       71%         3
 Swiftness                Air            1%         N/A       71%         3
 Airstrike                Air            0%         2d(1-17)  98%         4
 Leda's Liquefaction      Hex/Erth       0%         N/A       98%         4
 Lee's Rapid Deconstruct  Erth           0%         3d4*      100%        5
 Statue Form              Tmut/Erth      0%         N/A       100%        6
 Ozocubu's Refrigeration  Ice            0%         4d7       100%        7


Dungeon Overview and Level Annotations

Branches:
Dungeon (13/15)            Temple (0/1) D:6            Lair (0/5) D:11
    Orc (0/2) D:12        Gauntlet (1/1)
 Vaults: D:13-14

Altars:
Cheibriados
Elyvilon
Gozag
Kikubaaqudgha
Nemelex Xobeh
Sif Muna
Uskayaw
Vehumet
Wu Jian
Xom
The Shining One

Shops:
D:9 *[:*(!   D:11 *==:

Annotations:
D:3 1 exclusion Gauntlet 10 transporters, exclusions: ice statue and lightning spire


Message History

You writhe in agony.
The minotaur gores you but does no damage.
You barely miss the minotaur. You block the minotaur's attack.
The minotaur gores you but does no damage.
You hit the minotaur but do no damage.
The minotaur hits you with the +1 flail of Qidaic {pain, rPois rC+ rN+ Will+}!!
* * * LOW HITPOINT WARNING * * *
The minotaur gores you but does no damage.
Okay, then.
Okay, then.
Aiming: Mindburst
Press: ? - help, Shift-Dir - straight line, f/p - minotaur
Aim: a minotaur, wielding the +1 flail of Qidaic {pain, rPois rC+ rN+ Will+}, wearing the +3 plate armour of Luos {rPois Int+4} and quivering javelins (chance to affect: 2%)
The minotaur resists with almost no effort.
The now-empty wand crumbles to dust.
The minotaur hits you with the +1 flail of Qidaic {pain, rPois rC+ rN+ Will+}!
* * * LOW HITPOINT WARNING * * *
You writhe in agony.
* * * LOW HITPOINT WARNING * * *
The minotaur gores you.
* * * LOW HITPOINT WARNING * * *
You barely miss the minotaur.
The minotaur furiously retaliates!
The minotaur headbutts you.
* * * LOW HITPOINT WARNING * * *
The minotaur hits you but does no damage.
You writhe in agony.
* * * LOW HITPOINT WARNING * * *
The minotaur gores you but does no damage.
You puncture the minotaur!
The minotaur is lightly wounded.
The minotaur hits you but does no damage.
You writhe in agony.
* * * LOW HITPOINT WARNING * * *
The minotaur gores you but does no damage.
Okay, then.
You draw a card...
You have drawn the Elixir.
You begin rapidly regenerating health and magic.
The minotaur hits you with the +1 flail of Qidaic {pain, rPois rC+ rN+ Will+}!!
You die...
Your body glows with a rainbow of weird colours and disappears.

##
8§8.8.8.8.8.8.8.8#
##
§...............≈#
#.#.#######.#.###
#....#.°..#.#
#.#.##.#.##.#.#
#......○......#
.#..##'##..#.# #
#8.8#..#.#
#○♣°#....#
#8H8#.8###
#[.}#### #8○8#
#[°[# #8○8# #####


You could see a minotaur.

Vanquished Creatures
  Erica (D:11)
  A boulder beetle (D:11)
  Sonja (D:11)
  A sixfirhy (Gauntlet)
  2 ugly things
  2 cyclopes (D:12)
  2 manticores (D:11)
  Maggie (D:8)
  3 kobold demonologists
  4 unseen horrors
  An efreet (D:12)
  3 trolls
  A hornet (D:9)
  Grinder (D:4)
  6 slime creatures
  Sigmund (D:2)
  3 wraiths
  3 shadows
  7 yaks
  2 fire bats
  6 humans (D:9)
  2 vampire mosquitoes (D:8)
  A steam dragon (D:7)
  2 water moccasins
  Duvessa (D:7)
  2 hell hounds (Gauntlet)
  3 orc warriors
  2 black bears
  2 centaurs (D:9)
  4 phantoms
  3 bullfrogs
  8 kobold brigands
  A gnoll sergeant (D:8)
  7 scorpions
  3 wights (D:6)
  Dowan (D:7)
  A killer bee (D:10)
  2 troll zombies (D:12)
  4 howler monkeys
  4 jellies
  2 gnoll boudas (D:10)
  5 orc priests
  3 hounds
  Terence (D:2)
  3 sleepcaps
  Natasha (thrice) (D:2)
  4 iguanas
  9 orc wizards
  6 ogre zombies (D:12)
  12 gnolls
  8 adders
  A shadow imp (D:5)
  3 white imps
  An ufetubus (D:5)
  A worm (D:3)
  2 dart slugs
  30 orcs
  8 ball pythons
  5 bats
  6 endoplasms
  3 giant cockroaches
  11 goblins
  12 hobgoblins
  30 kobolds
  2 quokkas
  3 frilled lizards
  A goblin skeleton (D:12)
  6 goblin zombies (D:12)
  2 hobgoblin skeletons (D:12)
  A hobgoblin zombie (D:12)
  An orc skeleton (D:12)
  14 orc zombies (D:12)
  3 rats
307 creatures vanquished.

Vanquished Creatures (collateral kills)
  A kobold demonologist (D:11)
  2 gnolls (D:9)
  An endoplasm (D:2)
  A goblin (D:9)
  4 kobolds
9 creatures vanquished.

Vanquished Creatures (others)
  A gnoll (D:9)
  27 demonic plants (Gauntlet)
  11 fungi (D:11)
  9 plants
48 creatures vanquished.

Grand Total: 364 creatures vanquished

Notes
Turn   | Place    | Note
-------+----------+-------------------------------------------
     0 | D:1      | Lobster4 the Human Artificer began the quest for the Orb.
     0 | D:1      | Reached XP level 1. HP: 15/15 MP: 1/1
   332 | D:1      | Reached XP level 2. HP: 20/21 MP: 2/2
  1038 | D:2      | Noticed Natasha
  1042 | D:2      | Killed Natasha
  1043 | D:2      | Reached XP level 3. HP: 26/26 MP: 3/3
  1066 | D:2      | Found a faded altar of an unknown god.
  1302 | D:2      | Noticed Natasha
  1310 | D:2      | Killed Natasha
  1311 | D:2      | Reached skill level 1 in Short Blades
  1311 | D:2      | Reached XP level 4. HP: 25/33 MP: 4/4
  1320 | D:2      | Noticed Natasha
  1323 | D:2      | Killed Natasha
  1344 | D:2      | Reached XP level 5. HP: 18/38 MP: 5/5
  1623 | D:2      | Noticed Sigmund
  1629 | D:2      | Noticed Terence
  1853 | D:3      | Found a sparkling altar of Nemelex Xobeh.
  2569 | D:3      | Became a worshipper of Nemelex Xobeh the Trickster
  2863 | D:4      | Reached XP level 6. HP: 20/44 MP: 6/6
  3055 | D:4      | Reached skill level 1 in Axes
  3055 | D:4      | Reached skill level 1 in Throwing
  3286 | D:4      | Reached skill level 1 in Invocations
  3562 | D:4      | Reached XP level 7. HP: 21/51 MP: 7/7
  3684 | D:4      | Reached * piety under Nemelex Xobeh
  3685 | D:4      | Noticed Grinder
  3692 | D:4      | Killed Grinder
  4185 | D:5      | Entered Level 5 of the Dungeon
  4185 | D:5      | Received a gift from Nemelex Xobeh
  4420 | D:5      | Noticed a yak
  4436 | D:5      | Reached XP level 8. HP: 17/58 MP: 9/9
  4793 | D:5      | Reached ** piety under Nemelex Xobeh
  5129 | D:5      | Noticed a yak
  5176 | D:6      | Learned a level 2 spell: Lesser Beckoning
  5266 | D:6      | Found an ornate altar of the Wu Jian Council.
  5297 | D:6      | Received a gift from Nemelex Xobeh
  5502 | D:6      | Reached skill level 1 in Ranged Weapons
  5536 | D:6      | a black bear changed into a fire bat
  5536 | D:6      | Noticed a fire bat
  5548 | D:6      | Killed a fire bat
  5549 | D:6      | Reached skill level 1 in Spellcasting
  5549 | D:6      | Reached skill level 1 in Translocations
  5594 | D:6      | Reached skill level 1 in Polearms
  5602 | D:6      | Reached XP level 9. HP: 65/65 MP: 11/11
  5630 | D:6      | Found a staircase to the Ecumenical Temple.
  5680 | D:6      | Found an ancient bone altar of Kikubaaqudgha.
  5691 | D:6      | Found a glowing golden altar of the Shining One.
  6049 | D:6      | Found a radiant altar of Vehumet.
  6058 | D:6      | Found a white marble altar of Elyvilon.
  6200 | D:6      | Found a snail-covered altar of Cheibriados.
  6651 | D:7      | Noticed Duvessa
  6658 | D:7      | Noticed Dowan
  6659 | D:7      | Killed Duvessa
  6660 | D:7      | Reached skill level 5 in Evocations
  6667 | D:7      | Killed Dowan
  7456 | D:7      | Found a shimmering altar of Xom.
  7689 | D:7      | Reached *** piety under Nemelex Xobeh
  7779 | D:8      | Noticed Maggie
  7874 | D:8      | Killed Maggie
  7875 | D:8      | Reached XP level 10. HP: 54/73 MP: 13/13
  7880 | D:8      | Reached skill level 5 in Armour
  8149 | D:8      | Found a hide-covered altar of Uskayaw.
  8559 | D:9      | Reached skill level 5 in Fighting
  8571 | D:9      | Found a flagged portal.
  8586 | D:9      | HP: 2/74 [hornet (8)]
  8594 | D:9      | Reached skill level 5 in Dodging
  8594 | D:9      | Reached skill level 5 in Invocations
  8806 | D:9      | Noticed a kobold demonologist
  8821 | D:9      | Noticed a rust devil
  9020 | D:9      | Killed a kobold demonologist
  9407 | D:9      | Received a gift from Nemelex Xobeh
  9490 | D:9      | Learned a level 3 spell: Teleport Other
  9529 | D:9      | Found Vuahyg's Weapon Boutique.
  9544 | D:9      | Found Antyclal's Distillery.
  9551 | D:9      | Found Finar's Book Shop.
  9560 | D:9      | Found Cominiwo's General Store.
  9560 | D:9      | Found Mieshots's Antique Armour Emporium.
  9560 | D:9      | Found Basteroa's Assorted Antiques.
  9677 | D:9      | Bought a smoking chain mail for 285 gold pieces
  9677 | D:9      | Identified the +4 chain mail "Xierosma" {rC+ Str+5 Stlth-}
                  | (You bought it in a shop on level 9 of the Dungeon)
 10045 | D:9      | Reached XP level 11. HP: 75/81 MP: 15/15
 10162 | D:10     | Entered Level 10 of the Dungeon
 10203 | D:9      | HP: 4/81 [poisoned by you (poison gas)]
 10497 | D:10     | Reached skill level 1 in Long Blades
 11038 | D:11     | Reached **** piety under Nemelex Xobeh
 11240 | D:11     | Found a shimmering blue altar of Sif Muna.
 11286 | D:11     | Noticed Erica
 11329 | D:11     | Killed Erica
 11441 | D:11     | Noticed Sonja
 11563 | D:11     | Killed Sonja
 11643 | D:11     | Noticed a manticore
 11654 | D:11     | Killed a manticore
 11773 | D:11     | Found Gubatrem's Assorted Antiques.
 11796 | D:11     | Noticed a manticore
 11806 | D:11     | Killed a manticore
 11848 | D:11     | Noticed a sun demon
 11921 | D:11     | Found a staircase to the Lair.
 12104 | D:11     | Received a gift from Nemelex Xobeh
 12109 | D:11     | Found Ninnetam's Jewellery Shop.
 12143 | D:11     | Found Lerchiaq's Jewellery Shop.
 12372 | D:11     | Found Haneh's Book Shoppe.
 12405 | D:11     | Noticed a boulder beetle
 12421 | D:11     | Killed a boulder beetle
 12877 | D:2      | Killed Terence
 12898 | D:2      | Killed Sigmund
 12899 | D:2      | Reached skill level 5 in Translocations
 12899 | D:2      | Reached XP level 12. HP: 91/91 MP: 17/17
 13694 | D:12     | Reached skill level 1 in Shields
 14190 | D:12     | Received a gift from Nemelex Xobeh
 14411 | D:12     | Found a staircase to the Orcish Mines.
 15055 | D:12     | Found an opulent altar of Gozag.
 15318 | D:13     | Identified the +4 morningstar "Kiqo" {heavy, rN+ Str+2
                  | Int+8 Dex-3}
 15319 | D:13     | Identified a scroll of acquirement
 15320 | D:13     | Acquired an amulet of regeneration
 15493 | D:13     | Reached ***** piety under Nemelex Xobeh
 15495 | D:13     | Found a gate leading to a gauntlet.
 15505 | Gauntlet | Entered a Gauntlet
 15505 | Gauntlet | Found a transporter.
 15505 | Gauntlet | Found a transporter.
 15507 | Gauntlet | Noticed a sixfirhy
 15512 | Gauntlet | Found a transporter.
 15512 | Gauntlet | Found a transporter.
 15521 | Gauntlet | Found a transporter.
 15546 | Gauntlet | Found a transporter.
 15547 | Gauntlet | Found a transporter.
 15547 | Gauntlet | Noticed a fire crab
 15549 | Gauntlet | Noticed a soul eater
 15550 | Gauntlet | Found a transporter.
 15555 | Gauntlet | Received a gift from Nemelex Xobeh
 15583 | Gauntlet | Found a transporter.
 15590 | Gauntlet | Found a transporter.
 15608 | Gauntlet | Found a transporter.
 15653 | Gauntlet | Found a transporter.
 15667 | Gauntlet | Found a transporter.
 15767 | Gauntlet | Found a transporter.
 15781 | Gauntlet | Found a transporter.
 15794 | Gauntlet | Found a transporter.
 15880 | Gauntlet | Killed a sixfirhy
 15917 | Gauntlet | Identified the ring of Amydourph {Will+ Dex+3}
 15971 | Gauntlet | Identified the ring of Vehon {rElec rPois rC+ rCorr Str-4}
 16033 | Gauntlet | Identified the +1 flail of Qidaic {pain, rPois rC+ rN+
                  | Will+}
 16033 | Gauntlet | Identified the +3 plate armour of Luos {rPois Int+4}
 16033 | Gauntlet | Noticed a minotaur
 16048 | Gauntlet | HP: 5/138 [minotaur/the +1 flail of Qidaic {pain, rPois rC+
                  | rN+ Will+} (4)]
 16049 | Gauntlet | HP: 2/138 [minotaur/the +1 flail of Qidaic {pain, rPois rC+
                  | rN+ Will+} (2)]
 16051 | Gauntlet | Mangled by a minotaur

Illustrated notes

Levels and vault maps discovered:
D:1:      amcnicky_arrival_wind_blow, layout_loops_ring, minmay_tromino_v4_c
D:2:      layout_loops_corners, hellmonk_ecumenical_altar_crossroads,
          grunt_decor_junction, uniq_terence, uniq_sigmund, uniq_natasha
D:3:      corexii_shack_village, layout_loops_ring,
          nemelex_xobeh_ov_fountains_minmay, lightli_corner_chamber
D:4:      layout_layer_cave, nicolae_figureground_pulse, uniq_grinder
D:5:      layout_basic
D:6:      layout_basic, nicolae_overflow_quartered_altars,
          mainiacjoe_overflow_swirl, minmay_temple_entry_sparse_star,
          wad_floor_pattern_untrapped
D:7:      layout_basic, dk_xom_monty_hall, hangedman_decor_peaks_small,
          uniq_duvessa
D:8:      layout_rooms, marbit_many_paths, minmay_misc_feat_ornament,
          uniq_maggie
D:9:      layout_basic, enter_bailey_5, nicolae_wooded_promenade,
          minmay_ruffians
D:10:     layout_rooms, hellmonk_bongcloud_opening
D:11:     layout_irregular_city, grunt_lair_entry_orc_guard_hut, serial_shops,
          kennysheep_little_box, nicolae_shop_tiny_glass, shop,
          nicolae_shop_window_shopping, grunt_ministairs_4,
          nicolae_sif_muna_condensation, uniq_sonja, uniq_erica
D:12:     nicolae_cairo_tiling_very_big, layout_stronghold, zombieorc2_lemuel,
          nicolae_gozag_cash_rules_everything_around_me
D:13:     layout_long_grid, hangedman_vaults_entry_quadrant_bands,
          gauntlet_entry_generic, special_room [special_room_orc],
          serial_park_tiny_2
Gauntlet: gammafunk_gauntlet_branching [nicolae_gauntlet_arena_quarters,
          nicolae_gauntlet_arena_flowing_pool, gammafunk_gauntlet_arena_hedges,
          gammafunk_gauntlet_arena_split_x, nicolae_gauntlet_arena_x,
          nicolae_gauntlet_arena_t_cross, gammafunk_gauntlet_arena_corners,
          gammafunk_gauntlet_arena_spirals,
          nicolae_gauntlet_exit_dead_adventurers]

Skill      XL: |  1  2  3  4  5  6  7  8  9 10 11 12 |
---------------+-------------------------------------+-----
Short Blades   | 1 2 |  2.0
Stealth        | 2 3 |  3.0
Fighting       | 2 3 4 5 7 |  7.9
Dodging        | 2 3 4 5 7 |  7.9
Axes           | 1 2 |  2.8
Throwing       | 1 2 3 |  3.0
Armour         | 3 4 6 7 8 |  8.1
Invocations    | 1 2 3 4 5 7 8 |  8.2
Evocations     | 4 5 |  5.0
Ranged Weapons | 1 2 3 |  3.0
Spellcasting   | 1 2 3 |  3.0
Translocations | 1 2 3 5 6 |  6.0
Polearms       | 1 2 4 |  4.5
Long Blades    | 3 4 |  4.7
Shields        | 3 |  3.0

Action                     |  1- 3 |  4- 6 |  7- 9 | 10-12 || total
---------------------------+-------+-------+-------+-------++-------
  Melee: Short sword       |   112 |    60 |       |       ||   172
         Club              |     4 |       |       |       ||     4
         Punch             |     1 |     1 |       |       ||     2
         Hand axe          |       |   126 |   121 |       ||   247
         Trident           |       |       |   159 |   914 ||  1073
   Fire: Sling             |       |       |     7 |       ||     7
  Throw: Stone             |    10 |    15 |    27 |       ||    52
         Javelin           |       |     4 |     7 |     4 ||    15
         Dart              |       |       |    17 |    53 ||    70
         Throwing net      |       |       |     2 |     2 ||     4
         Boomerang         |       |       |       |     4 ||     4
 Invoke: Draw Destruction  |       |       |     6 |     2 ||     8
         Draw Escape       |       |       |     1 |     1 ||     2
  Evoke: Wand              |    13 |     7 |     4 |    14 ||    38
    Use: Scroll            |     1 |     7 |     4 |    16 ||    28
         Potion            |       |       |     6 |    14 ||    20
   Stab: Sleeping          |       |       |     2 |       ||     2
         Distracted        |       |       |     1 |       ||     1
         Betrayed ally     |       |       |       |     1 ||     1
 Armour: Leather armour    |    30 |       |     7 |     9 ||    46
         Scale mail        |    17 |   109 |   129 |       ||   255
         Steam dragon scal |       |       |    13 |    53 ||    66
         Skin              |       |       |       |    67 ||    67
         Ring mail         |       |       |       |    49 ||    49
         Chain mail        |       |       |       |   444 ||   444
  Dodge: Dodged            |    51 |    97 |   155 |   633 ||   936
  Block: Buckler           |       |       |       |    64 ||    64

Table legend: (Time is in decaauts)
 A = Elapsed time spent in this place.
 B = Non-inter-level travel time spent in this place.
 C = Inter-level travel time spent in this place.
 D = Time resting spent in this place.
 E = Time spent auto-exploring this place.
 F = Levels seen in this place.
 G = Mean time per level.
                   A        B        C        D        E       F      G
               +--------+--------+--------+--------+--------+-----+--------+
         Total |  16197 |  15015 |   1182 |   1951 |   9185 |  14 | 1156.9 |
       Dungeon |  15647 |  14465 |   1182 |   1929 |   8901 |  13 | 1203.6 |
      Gauntlet |    549 |    549 |      0 |     22 |    284 |   1 |  549.0 |
               +--------+--------+--------+--------+--------+-----+--------+

Top non-repeatable levels by time:
    D:11: 1745 daAuts
     D:9: 1699 daAuts
     D:4: 1644 daAuts
    D:12: 1540 daAuts
     D:7: 1529 daAuts
     D:6: 1264 daAuts
     D:2: 1147 daAuts
     D:5: 1143 daAuts
     D:8: 1061 daAuts
     D:1: 1038 daAuts
     D:3: 880 daAuts
    D:10: 759 daAuts
Gauntlet: 549 daAuts
    D:13: 192 daAuts
